 Dungeon Crawl Stone Soup version 0.29-a0-207-gf982a884d8 (webtiles) character file.

Game seed: 14029644019305828310

358 Zeldest the Ducker (level 4, -2/22 HPs)
             Began as a Felid Monk on Feb 23, 2022.
             Was a Believer of Ru.
             Slain by a river rat (8 damage)
             ... in a sewer.
             The game lasted 00:09:41 (3734 turns).

Zeldest the Ducker (Felid Monk)                     Turns: 3734, Time: 00:09:42

Health: -2/22      AC:  2    Str:  7    XL:     4   Next: 37%
Magic:  5/5        EV: 23    Int: 13    God:    Ru [**....]
Gold:   179        SH:  0    Dex: 25    Spells: 3/3 levels left
                                        Lives:  0   Deaths: 1

rFire   . . .      SeeInvis +     - Unarmed
rCold   . . .      Faith    +   (shield unavailable)
rNeg    . . .      Spirit   .   (body armour unavailable)
rPois   .          Reflect  .   (helmet unavailable)
rElec   .          Harm     .   (cloak unavailable)
rCorr   .          Rampage  .   (gloves unavailable)
Will    .....                   (boots unavailable)
Stlth   +++.......              d - amulet of faith
HPRegen 0.07/turn               q - +6 ring of dexterity
MPRegen 0.09/turn               (no ring)

@: quick
A: very small, claws 1, fangs 3, see invisible, speed 1, shaggy fur 2,
inexperienced 1, stealthy paws, no weapons or thrown items, no armour,
multi-lived
a: Renounce Religion


You were in a sewer.
You worshipped Ru.
Ru was pleased with you.
You visited 1 branch of the dungeon, and saw 7 of its levels.
You also visited: Sewer.

You collected 179 gold pieces.

Inventory:

Jewellery
 b - a ring of flight
 d - an amulet of faith (around neck)
 q - a +6 ring of dexterity (left paw)
Scrolls
 a - a scroll of torment {unknown}
 c - a scroll of fear {unknown}
 f - a scroll of immolation {unknown}
 g - a scroll of blinking {unknown}
 h - a scroll of vulnerability
 l - a scroll of enchant armour
 n - a scroll of noise {unknown}
 o - a scroll of brand weapon {unknown}
 p - a scroll of fog {unknown}
Potions
 e - a potion of flight
 i - a potion of curing
 k - a potion of resistance
 m - 2 potions of cancellation


   Skills:
 + Level 4.7 Fighting
 + Level 6.2 Dodging
 - Level 2.6 Stealth
 + Level 4.6 Unarmed Combat
 + Level 1.7 Conjurations
 + Level 2.8 Transmutations


You had 3 spell levels left.
You didn't know any spells.
Your spell library contained the following spells:

 Spells                   Type           Power      Damage    Failure   Level
 Animate Skeleton         Necr           0%         N/A       30%         1
 Pain                     Necr           0%         1d4       30%         1
 Corpse Rot               Necr/Air       0%         N/A       43%         2
 Poisonous Vapours        Pois/Air       0%         N/A       43%         2
 Sublimation of Blood     Necr           0%         N/A       43%         2
 Vampiric Draining        Necr           0%         2d6       67%         3
 Petrify                  Tmut/Erth      3%         N/A       87%         4
 Irradiate                Conj/Tmut      2%         3d14      98%         5


Dungeon Overview and Level Annotations

Branches:
Dungeon (7/15)              Sewer (1/1)
 Temple: D:4-7

Altars:
Qazlal
Ru
Vehumet
Wu Jian
The Shining One

Shops:
D:4 :

Annotations:
D:4 3 runed translucent doors, Cecur's ghost, amateur DsFE; Dowan; Duvessa


Innate Abilities, Weirdness & Mutations

You have sharp claws.
You have razor-sharp teeth.
You have supernaturally acute eyesight. (SInv)
You cover ground quickly. (Speed+)
You are covered in thick fur. (AC +2)
You are somewhat inexperienced. (-2 XL)
Your paws help you pounce on unaware monsters.
You are incapable of wielding weapons or throwing items.
You cannot wear armour.
You gain extra lives every three experience levels.


Message History

The ball python misses you. The ball python constricts you.
You scratch the adder.
The adder is heavily wounded.
You feel sick.
You are no longer poisoned.
The adder misses you. The ball python barely misses you.
The ball python constricts you.
* * * LOW HITPOINT WARNING * * *
You feel better. The adder completely misses you.
The ball python completely misses you. The ball python constricts you.
The adder completely misses you.
You scratch the adder. You bite the adder, but do no damage.
The adder is severely wounded.
The ball python misses you. The ball python constricts you.
The adder closely misses you.
You claw the adder!
You kill the adder!
The ball python bites you but does no damage.
The ball python constricts you.
You claw the ball python!
You kill the ball python!
The rat closely misses you. The rat barely misses you.
You see here a ball python corpse.
You scratch the rat but do no damage. The rat bites you but does no damage.
You scratch the rat.
You kill the rat!
You barely miss the river rat. The river rat misses you.
You closely miss the river rat.
You bite the river rat, but do no damage.
The river rat misses you.
You closely miss the river rat. The river rat misses you.
You completely miss the river rat. The river rat barely misses you.
You barely miss the river rat.
You scratch the river rat but do no damage.
The river rat bites you!
* * * LOW HITPOINT WARNING * * *
You closely miss the river rat. Your bite misses the river rat.
The river rat bites you!
You die...

#......≈≈≈≈≈≈≈†.≈≈≈≈
#....###############
##...## #...##
#....+ #....#
##†..## #.†..##
#..@..# #...r..≈≈≈≈
#......≈≈≈≈
##.....≈≈≈≈
##....≈≈≈≈ ###.#≈≈≈≈
######


You could see a river rat.

Vanquished Creatures
  Menkaure (D:4)
  A scorpion (D:5)
  A centaur skeleton (D:5)
  A bullfrog skeleton (D:4)
  A jelly (D:5)
  2 orc wizards (D:4)
  A river rat (Sewer)
  9 adders
  A white imp (D:6)
  An adder skeleton (D:4)
  2 dart slugs
  5 orcs
  2 bats
  5 endoplasms
  4 giant cockroaches
  4 goblins
  2 hobgoblins
  4 jackals (D:1)
  8 quokkas
  7 ball pythons
  3 frilled lizards
  4 kobolds
  A quokka skeleton (D:4)
  22 rats
92 creatures vanquished.

Vanquished Creatures (others)
  A plant (D:4)
1 creature vanquished.

Grand Total: 93 creatures vanquished

Notes
Turn   | Place    | Note
-------+----------+-------------------------------------------
     0 | D:1      | Zeldest the Felid Monk began the quest for the Orb.
     0 | D:1      | Reached XP level 1. HP: 10/10 MP: 2/2
    48 | D:1      | Reached XP level 2. HP: 13/14 MP: 3/3
   241 | D:1      | Found a faded altar of an unknown god.
   637 | D:2      | Reached XP level 3. HP: 13/17 MP: 4/4
  1349 | D:3      | Found a glowing golden altar of the Shining One.
  1394 | D:3      | Reached skill level 5 in Dodging
  1485 | D:3      | Reached XP level 4. HP: 22/22 MP: 5/5
  1633 | D:3      | Found an ornate altar of the Wu Jian Council.
  2044 | D:4      | Reached skill level 1 in Transmutations
  2161 | D:4      | Reached XP level 5. HP: 16/25 MP: 6/6
  2274 | D:4      | Noticed Duvessa
  2286 | D:4      | Noticed Dowan
  2359 | D:4      | Found Guuhyfiza's Book Emporium.
  2360 | D:4      | Noticed Menkaure
  2494 | D:4      | Killed Menkaure
  2495 | D:4      | Reached skill level 1 in Conjurations
  2495 | D:4      | Gained mutation: You are covered in thick fur. (AC +2)
                  | [Felid growth]
  2495 | D:4      | Reached XP level 6. HP: 28/29 MP: 7/7
  2585 | D:4      | HP: 1/28 [Duvessa/+3 rapier of draining (16)]
  2585 | D:4      | Slain by Duvessa
  2586 | D:4      | Reached XP level 5. HP: -3/22 MP: 6/6
  2722 | D:4      | Found a runed translucent gate.
  2722 | D:4      | Found a runed translucent gate.
  2722 | D:4      | Found a runed translucent gate.
  2728 | D:4      | Noticed Cecur's ghost (amateur DsFE)
  2788 | D:5      | Entered Level 5 of the Dungeon
  2816 | D:5      | Found a stormy altar of Qazlal.
  2831 | D:5      | Found a radiant altar of Vehumet.
  2833 | D:5      | Found a sacrificial altar of Ru.
  2883 | D:5      | Became a worshipper of Ru the Awakened
  2887 | D:5      | Gained mutation: You are somewhat inexperienced. (-2 XL)
                  | [Ru sacrifice]
  2887 | D:5      | Reached XP level 4. HP: 22/22 MP: 5/5
  2887 | D:5      | Reached XP level 3. HP: 18/18 MP: 4/4
  2887 | D:5      | Reached * piety under Ru
  2887 | D:5      | Reached ** piety under Ru
  2911 | D:5      | You fall into a shaft and drop 2 floors!
  3220 | D:6      | Noticed a phantom
  3269 | D:5      | Noticed a necrophage
  3301 | D:5      | Reached skill level 6 in Dodging
  3317 | D:5      | Reached XP level 4. HP: 22/22 MP: 5/5
  3377 | D:5      | Found a glowing drain.
  3395 | Sewer    | Entered a sewer
  3734 | Sewer    | Slain by a river rat

Illustrated notes

Levels and vault maps discovered:
D:1:      co_arrival_square_in_a_square_in_a_square, layout_loops_cross,
          dreamdust_ecumenical_altar_hidden_monk_grotto
D:2:      layout_basic
D:3:      layout_loops_ring, nicolae_wu_jian_wuxing_cycle,
          nicolae_tso_carved_into_rock
D:4:      layout_basic, serial_shops, shop, gammafunk_ghost_nasty_kobolds,
          uniq_menkaure, uniq_duvessa
D:5:      layout_loops_ring, grunt_qazlal_sundering, minitemple,
          minmay_temple_entry_trees, gup_sewer_entry_pipe
D:6:      layout_basic, gammafunk_temple_overflow_wave,
          mainiacjoe_overflow_chevrons, gammafunk_ghost_arena
D:7:      minmay_skewed_foursquare, layout_basic, serial_shops,
          nicolae_shop_trees, hellmonk_ghost_happy_afterlife,
          kennysheep_nondescript, minmay_liquid_box, kennysheep_generic_room_16,
          uniq_pikel
Sewer:    sewer_minmay_w

Skill      XL: |  1  2  3  4  5 |
---------------+----------------+-----
Dodging        | 6 |  6.2
Fighting       | 4 |  4.7
Unarmed Combat | 4 |  4.6
Transmutations | 1 2 |  2.8
Conjurations   | 1 |  1.7
Stealth        | |  2.6

Action                   |  1- 3 |  4- 6 || total
-------------------------+-------+-------++-------
Melee: Unarmed           |    95 |   138 ||   233
       Bite              |     8 |    19 ||    27
       Punch             |     1 |     4 ||     5
Invok: Sacrifice Experie |     1 |       ||     1
  Use: Potion            |     2 |     2 ||     4
       Scroll            |     1 |     8 ||     9
 Stab: Sleeping          |    13 |     7 ||    20
Armor: Skin              |     3 |     4 ||     7
Dodge: Dodged            |    66 |   149 ||   215

Table legend: (Time is in decaauts)
 A = Elapsed time spent in this place.
 B = Non-inter-level travel time spent in this place.
 C = Inter-level travel time spent in this place.
 D = Time resting spent in this place.
 E = Time spent auto-exploring this place.
 F = Levels seen in this place.
 G = Mean time per level.
                   A        B        C        D        E       F      G
               +--------+--------+--------+--------+--------+-----+--------+
         Total |   3249 |   3135 |    114 |    802 |   1263 |   8 |  406.1 |
       Dungeon |   2894 |   2780 |    114 |    656 |   1263 |   7 |  413.4 |
         Sewer |    355 |    355 |      0 |    146 |      0 |   1 |  355.0 |
               +--------+--------+--------+--------+--------+-----+--------+

Top non-repeatable levels by time:
     D:3: 656 daAuts
     D:4: 605 daAuts
     D:2: 604 daAuts
     D:1: 490 daAuts
   Sewer: 355 daAuts
     D:6: 311 daAuts
     D:5: 210 daAuts
     D:7: 16 daAuts
